AoeStats
← Wolfram

Lombardia

508282066Analyzed
4v4 RM · 10d ago on Sep 21, 2026· 75m 32s· 8 players
Game mode
Random Map
Map size
Large (8 player)
Population
200
Speed
Normal
Resources
Standard
Victory
Conquest
Starting age
Dark Age
Ending age
Imperial Age
RankedLock teamsTeams togetherTeam positionsShared explorationLock speedFull tech treeHidden civsTurbo modeCheats
Victory
Defeat
🇮🇹 Khmer · Italy
1270
+15
🇵🇪 Hindustanis · Peru
1269
+15
🇳🇦 Saracens · Namibia
1260
+16
🇩🇪 Magyars · Germany
1257
+16
🇸🇪 Burgundians · Sweden
1317
-18
🇸🇪 Italians · Sweden
1304
-17
🇸🇪 Hindustanis · Sweden
1295
-17
🇸🇪 Britons · Sweden
1100
-10
Iggyo
11:44 Feudal Age
10:00 Loom
12:11 Horse Collar
12:19 Double-Bit Axe
19:35 Castle Age
20:27 Heavy Plow
20:38 Bow Saw
23:34 Stone Mining
23:35 Gold Mining
25:36 Wheelbarrow
28:12 Hand Cart
30:58 Ballistics
31:19 Stone Shaft Mining
31:11 Fletching
35:08 Imperial Age
32:53 Padded Archer Armor
33:22 Masonry
33:29 Bodkin Arrow
33:48 Thumb Ring
34:19 Elite Skirmisher
35:16 Leather Archer Armor
34:49 Pikeman
35:29 Squires
35:54 Elite Genoese Crossbowman
36:47 Bracer
38:01 Chemistry
38:54 Town Watch
40:24 Hoardings
40:10 Conscription
39:52 Crossbowman
40:48 Guilds
41:08 Coinage
40:39 Caravan
41:39 Pirotechnia
41:51 Silk Road
46:52 Two-Man Saw
46:34 Banking
51:50 Arson
51:26 Man-at-Arms
52:17 Scale Barding Armor
52:13 Scale Mail Armor
52:23 Forging
56:17 Ring Archer Armor
56:07 Chain Barding Armor
56:23 Iron Casting
58:51 Light Cavalry
59:42 Bloodlines
59:32 Husbandry
Yaou
7:28 Loom
10:12 Feudal Age
11:25 Double-Bit Axe
14:03 Horse Collar
15:48 Scale Barding Armor
21:54 Castle Age
20:41 Bloodlines
22:57 Bow Saw
24:47 Husbandry
25:00 Forging
24:41 Gold Mining
25:10 Heavy Plow
26:42 Wheelbarrow
28:54 Fervor
29:39 Iron Casting
29:11 Stone Mining
29:30 Light Cavalry
31:10 Hand Cart
36:07 Imperial Age
34:16 Gold Shaft Mining
34:29 Chain Barding Armor
33:59 Fletching
35:14 Padded Archer Armor
36:11 Heavy Camel Rider
37:28 Plate Barding Armor
37:15 Conscription
37:09 Masonry
38:40 Blast Furnace
38:01 Ballistics
37:46 Imperial Camel Rider
37:52 Elite Skirmisher
38:28 Bodkin Arrow
39:11 Hoardings
40:02 Two-Man Saw
38:51 Hussar
39:48 Leather Archer Armor
39:52 Fortified Wall
40:43 Chemistry
39:48 Grand Trunk Road
40:43 Siege Engineers
43:14 Caravan
43:54 Bracer
44:25 Ring Archer Armor
51:55 Coinage
51:39 Town Watch
56:18 Banking
57:29 Guard Tower
59:29 Murder Holes
JT
11:12 Feudal Age
14:00 Padded Archer Armor
14:04 Double-Bit Axe
14:02 Horse Collar
14:32 Fletching
21:45 Wheelbarrow
23:54 Castle Age
22:31 Wheelbarrow
21:42 Loom
25:13 Leather Archer Armor
24:54 Bodkin Arrow
25:49 Bow Saw
25:43 Heavy Plow
25:09 Crossbowman
39:07 Imperial Age
36:54 Hand Cart
40:50 Ring Archer Armor
40:20 Bracer
39:43 Arbalester
43:56 Yeomen
46:22 Chemistry
45:47 Ballistics
51:40 Caravan
lundh' ♛
7:47 Loom
11:06 Feudal Age
11:44 Double-Bit Axe
13:19 Horse Collar
14:57 Bow Saw
19:00 Castle Age
19:48 Husbandry
19:12 Cavalier
19:48 Gold Mining
20:00 Heavy Plow
23:06 Two-Man Saw
25:29 Wheelbarrow
25:43 Scale Barding Armor
26:53 Gold Shaft Mining
26:09 Stone Mining
25:44 Pikeman
26:46 Forging
35:18 Imperial Age
33:19 Chain Barding Armor
33:34 Iron Casting
32:51 Fletching
35:26 Hand Cart
35:43 Masonry
35:38 Paladin
37:20 Caravan
38:40 Plate Barding Armor
40:18 Town Watch
41:51 Blast Furnace
47:43 Light Cavalry
52:29 Hussar
56:51 Crop Rotation
72:15 Architecture
Wolfram
5:15 Loom
11:37 Feudal Age
12:43 Double-Bit Axe
16:01 Castle Age
17:10 Horse Collar
17:43 Bow Saw
20:09 Heavy Plow
21:18 Wheelbarrow
22:28 Town Watch
22:58 Hand Cart
24:06 Stone Mining
31:47 Imperial Age
29:40 Scale Barding Armor
29:55 Bimaristan
29:53 Gold Mining
30:06 Husbandry
30:37 Bloodlines
31:01 Treadmill Crane
31:47 Town Patrol
32:48 Chain Barding Armor
33:18 Conscription
33:16 Forging
35:34 Two-Man Saw
35:13 Plate Barding Armor
35:13 Iron Casting
35:57 Hoardings
35:56 Fortified Wall
35:37 Light Cavalry
36:45 Masonry
37:04 Caravan
39:08 Blast Furnace
37:59 Fletching
37:34 Elite Mameluke
38:52 Sanctity
38:44 Fervor
38:25 Hussar
40:38 Counterweights
40:36 Siege Engineers
41:33 Chemistry
43:11 Bodkin Arrow
46:59 Heavy Camel Rider
54:27 Coinage
56:03 Banking
Spada_Arancio
5:42 Loom
8:47 Feudal Age
16:35 Double-Bit Axe
22:32 Castle Age
21:24 Bloodlines
21:23 Horse Collar
21:55 Scale Barding Armor
22:32 Forging
22:47 Light Cavalry
23:28 Husbandry
24:35 Iron Casting
26:36 Bow Saw
27:34 Wheelbarrow
28:47 Chain Barding Armor
28:20 Town Watch
30:49 Heavy Plow
35:49 Imperial Age
35:56 Ballistics
36:42 Hussar
38:58 Double Crossbow
39:18 Conscription
40:25 Chemistry
40:09 Plate Barding Armor
40:34 Blast Furnace
40:57 Siege Engineers
41:27 Heavy Scorpion
44:59 Caravan
46:31 Hand Cart
56:01 Murder Holes
56:14 Scale Mail Armor
56:05 Fletching
56:12 Pikeman
56:54 Halberdier
57:20 Arson
58:14 Chain Mail Armor
75:42 Crop Rotation
Execute290
7:36 Loom
11:34 Feudal Age
16:07 Castle Age
17:59 Double-Bit Axe
17:56 Horse Collar
22:52 Wheelbarrow
22:02 Town Watch
25:18 Bow Saw
25:10 Heavy Plow
30:21 Imperial Age
27:57 Scale Mail Armor
28:56 Chain Mail Armor
28:38 Gold Mining
28:41 Stone Mining
29:39 Forging
31:05 Iron Casting
30:43 Elite Ghulam
32:45 Conscription
33:28 Blast Furnace
33:20 Gold Shaft Mining
33:01 Caravan
34:36 Squires
34:23 Arson
40:51 Town Patrol
40:58 Scale Barding Armor
40:48 Heavy Camel Rider
41:39 Bloodlines
41:30 Husbandry
42:11 Stone Shaft Mining
42:41 Chain Barding Armor
42:14 Imperial Camel Rider
46:39 Plate Barding Armor
46:09 Grand Trunk Road
50:15 Ballistics
50:56 Chemistry
49:50 Elite Skirmisher
50:36 Thumb Ring
50:23 Fletching
50:33 Padded Archer Armor
51:35 Bodkin Arrow
52:51 Leather Archer Armor
52:36 Bracer
56:03 Ring Archer Armor
55:07 Light Cavalry
55:46 Hussar
jujuchoker
9:15 Loom
11:19 Feudal Age
11:56 Double-Bit Axe
12:52 Horse Collar
16:04 Castle Age
14:45 Gold Mining
15:41 Fletching
17:27 Bow Saw
20:10 Bodkin Arrow
24:13 Wheelbarrow
24:12 Bloodlines
25:32 Ballistics
25:52 Heavy Plow
30:05 Hand Cart
31:05 Stone Mining
34:13 Imperial Age
32:44 Padded Archer Armor
32:53 Husbandry
33:26 Town Watch
34:16 Heavy Cavalry Archer
35:22 Parthian Tactics
35:24 Conscription
35:07 Corvinian Army
35:41 Thumb Ring
36:26 Bracer
36:31 Scale Barding Armor
36:42 Leather Archer Armor
38:10 Chemistry
36:50 Treadmill Crane
38:04 Gold Shaft Mining
37:57 Recurve Bow
38:33 Elite Magyar Huszar
39:46 Ring Archer Armor
42:03 Chain Barding Armor
46:32 Plate Barding Armor
50:00 Two-Man Saw
53:59 Capped Ram
55:04 Murder Holes
55:14 Siege Engineers
55:21 Masonry
57:21 Crop Rotation
57:27 Elite Skirmisher
61:13 Hoardings
63:48 Caravan
Connection lost

Rejoining the realm…

Still unreachable

The connection could not be restored.

Session expired

The server has moved on; the page needs a fresh start.